AoeStats
← Greg The Egg

Nomad

510732786Analyzed
2v2 RM · 8h ago on Oct 2, 2026· 40m 12s· 4 players
Game mode
Random Map
Map size
176×176
Population
200
Speed
Normal
Resources
Standard
Victory
Conquest
Starting age
Dark Age
Ending age
Imperial Age
RankedLock teamsTeams togetherTeam positionsShared explorationLock speedFull tech treeHidden civsTurbo modeCheats
Victory
Defeat
🇩🇪 Vikings · Germany
1253
+16
🇳🇱 Persians · Netherlands
1238
+17
🇬🇧 Maya · United Kingdom
1351
-20
🇳🇿 Italians · New Zealand
1170
-13
BenBouten4
8:50 Loom
13:22 Feudal Age
13:44 Fishing Lines
19:41 Castle Age
18:30 Scale Barding Armor
19:08 Forging
19:45 Bloodlines
20:13 Husbandry
20:34 Chain Barding Armor
20:51 Iron Casting
20:57 Gillnets
25:23 Wheelbarrow
26:16 Double-Bit Axe
32:35 Imperial Age
30:37 Fletching
31:24 Ballistics
34:36 Plate Barding Armor
34:37 Bodkin Arrow
Magic Beam
4:50 Loom
13:47 Feudal Age
18:02 Castle Age
18:04 Fletching
19:11 Bodkin Arrow
29:21 Town Watch
34:31 Imperial Age
32:39 Scale Mail Armor
32:50 Forging
34:04 Chain Mail Armor
35:57 Plate Mail Armor
36:31 Padded Archer Armor
37:07 Iron Casting
36:32 Bracer
37:04 Ballistics
37:45 Chemistry
38:13 Iron Casting
37:16 Elite Skirmisher
41:39 Blast Furnace
40:55 Leather Archer Armor
Lanyard
4:41 Loom
12:33 Feudal Age
16:43 Castle Age
14:29 Double-Bit Axe
15:52 Horse Collar
16:43 Gold Mining
17:19 Scale Mail Armor
17:38 Bow Saw
18:17 Forging
18:38 Heavy Plow
18:41 Town Watch
20:12 Eagle Warrior
21:40 Pikeman
23:39 Wheelbarrow
25:36 Chain Mail Armor
30:38 Iron Casting
30:42 Arson
32:34 Squires
32:51 Stone Mining
Greg The Egg
5:10 Loom
14:24 Feudal Age
18:16 Castle Age
17:54 Fishing Lines
19:06 Gillnets
20:14 Stone Mining
20:13 Double-Bit Axe
22:01 Medium Warships
22:20 Fletching
32:53 Bow Saw
35:37 Bodkin Arrow
38:10 Padded Archer Armor
38:21 Forging
Connection lost

Rejoining the realm…

Still unreachable

The connection could not be restored.

Session expired

The server has moved on; the page needs a fresh start.